 Dungeon Crawl Stone Soup version 0.30.0-19-g36f170ea60 (webtiles) character file.

Game seed: 7536038314217829088

233 Josd the Poker (level 5, -2/48 HPs)
             Began as a Minotaur Monk on May 31, 2023.
             Engulfed by a cloud of flame (17 damage)
             ... on level 3 of the Dungeon.
             The game lasted 00:04:56 (1519 turns).

Josd the Poker (Minotaur Monk)                      Turns: 1519, Time: 00:04:56

Health: -2/48      AC:  5    Str: 17    XL:     5   Next: 75%
Magic:  4/4        EV: 12    Int:  7    God:
Gold:   142        SH:  0    Dex: 13    Spells: 4/4 levels left

rFire   . . .        a - +0 spear
rCold   . . .        d - orb {light}
rNeg    . . .        j - +0 ring mail
rPois   .            (helmet restricted)
rElec   .            (no cloak)
rCorr   .            (no gloves)
SInv    .            (no boots)
Will    .....        (no amulet)
Stlth   +            (no ring)
HPRegen 0.28/turn    (no ring)
MPRegen 0.09/turn

%: no passive effects
@: glowing
A: horns 2, retaliatory headbutt
a: no special abilities


You were on level 3 of the Dungeon.
You visited 1 branch of the dungeon, and saw 3 of its levels.

You collected 142 gold pieces.

Inventory:

Hand Weapons
 a - a +0 spear (weapon)
Armour
 d - an orb of light (worn)
 j - a +0 ring mail (worn)
Wands
 m - a wand of digging (7)
Scrolls
 b - a scroll of immolation
 f - a scroll of amnesia {unknown}
 g - 3 scrolls of identify {unknown}
 i - a scroll of teleportation {unknown}
 k - a scroll of blinking {unknown}
 n - a scroll of fog {unknown}
 o - a scroll of noise {unknown}
Potions
 c - 2 potions of ambrosia
 e - 2 potions of curing
 h - a potion of haste {unknown}
 l - 2 potions of invisibility {unknown}


   Skills:
 + Level 5.2 Fighting
 + Level 5.2 Polearms
 * Level 2.0 Armour
 + Level 4.5 Dodging
 + Level 0.7 Stealth


You had 4 spell levels left.
You didn't know any spells.
Your spell library contained the following spells:

 Spells                   Type           Power      Damage    Failure   Level
 Slow                     Hex            0%         N/A       63%         1
 Confusing Touch          Hex            0%         N/A       94%         3
 Vampiric Draining        Necr           0%         2d6       94%         3


Dungeon Overview and Level Annotations

Branches:
Dungeon (3/15)

Altars:


Innate Abilities, Weirdness & Mutations

You have a pair of horns on your head.
You reflexively headbutt those who attack you in melee.


Message History

Press: ? - help, Dir - move target, f/p - orc
Aim: an orc, wielding a +0 arbalest and wearing a +0 chain mail (haloed, about 13% to evade your +0 spear)
You reach to attack!
You hit the orc but do no damage.
The orc shoots a bolt.
The bolt hits you!
The orc wizard mumbles some strange words.
The orc wizard flickers and vanishes!
Deactivating autopickup; reactivate with Ctrl-A.
The orc shoots a bolt.
The bolt hits you.
* * * LOW HITPOINT WARNING * * *
Sorry, you're not good enough to have a special ability.
As you read the scroll labelled IQUMUY JIVI, it crumbles to dust.
The creatures around you are filled with an inner flame!
It was a scroll of immolation.
Unknown command.
You feel better.
The orc shoots a bolt.
The bolt barely misses you.
The orc shoots a bolt.
The bolt hits you!
* * * LOW HITPOINT WARNING * * *
The orc shoots a bolt.
The bolt misses you.
The orc shoots a bolt.
The bolt misses you.
The orc shoots a bolt.
The bolt barely misses you.
The orc shoots a bolt.
The bolt hits you but does no damage.
You are confused.
You feel invigorated.
The orc shoots a bolt.
The bolt closely misses you.
You are too injured to fight recklessly!
You bump into the rock wall.
You bump into the rock wall.
You feel less invigorated.
You feel less confused. The rat bites you but does no damage.
You hit the rat.
The rat explodes!
The fiery explosion engulfs the orc!!
The fiery explosion engulfs you!
The orc explodes!
The fiery explosion engulfs the orc priest!!!
The orc priest explodes!
The fiery explosion engulfs something!!!
Reactivating autopickup.
You feel a bit more experienced.
The orc wizard explodes!
You feel a bit more experienced.
You are engulfed in blazing flames.
You die...

##o# #o.# #r## #. ##o#
#. #..# #.# #.##
###.########.#
#......(..#§§###########
#.........§§§§§@.......#
#.........#§############
#.........#.###
#.........#...+
#............##
#.............#
#.........#.#..
####.#######.### .###.#
#


There were no monsters in sight!

Vanquished Creatures
  Sigmund (D:2)
  An orc priest (D:3)
  An orc wizard (D:3)
  2 adders (D:2)
  2 gnolls (D:1)
  2 worms (D:3)
  2 orcs (D:3)
  3 ball pythons
  5 bats (D:1)
  3 endoplasms
  A giant cockroach (D:1)
  2 hobgoblins
  2 frilled lizards
  3 goblins (D:1)
  5 kobolds
  5 rats
40 creatures vanquished.

Notes
Turn   | Place    | Note
-------+----------+-------------------------------------------
     0 | D:1      | Josd the Minotaur Monk began the quest for the Orb.
     0 | D:1      | Reached XP level 1. HP: 19/19 MP: 0/0
   191 | D:1      | Reached XP level 2. HP: 21/27 MP: 1/1
   411 | D:1      | Reached XP level 3. HP: 23/33 MP: 2/2
   893 | D:2      | Noticed Sigmund
   919 | D:2      | Killed Sigmund
   920 | D:2      | Reached skill level 5 in Fighting
   920 | D:2      | Reached skill level 5 in Polearms
   920 | D:2      | Reached XP level 4. HP: 28/42 MP: 3/3
   920 | D:2      | Reached XP level 5. HP: 32/48 MP: 4/4
  1061 | D:2      | Identified the +2 hat of Tenacity {rElec Str+4 Int-2}
  1519 | D:3      | Engulfed by a cloud of flame

Illustrated notes

Levels and vault maps discovered:
D:1:      onia_arrival_pyramid, layout_loops_cross, minmay_misc_feat_enclosed,
          minivault_19, nicolae_grassy_gnolls
D:2:      layout_loops_ring, uniq_sigmund
D:3:      layout_rooms, grunt_gozag_statues, shapermc_ecumenical_altar_petra,
          grunt_ministairs_9, dk_noncrumbling_2, serial_bayou_crossing,
          uniq_terence, uniq_jessica

Skill      XL: |  1  2  3 |
---------------+----------+-----
Polearms       | 4 5 |  5.2
Fighting       | 4 5 |  5.2
Armour         | 2 |  2.0
Dodging        | 4 |  4.5
Stealth        | |  0.7

Action                     |  1- 3 |  4- 6 || total
---------------------------+-------+-------++-------
  Melee: Spear             |    79 |    31 ||   110
         Headbutt          |     5 |     4 ||     9
    Use: Potion            |     1 |     3 ||     4
         Scroll            |       |     1 ||     1
 Armour: Robe              |    10 |       ||    10
         Ring mail         |     1 |     4 ||     5
  Dodge: Dodged            |    39 |    12 ||    51
